 Dungeon Crawl Stone Soup version 0.32-a0-422-g28b100f618 (webtiles) character file.

Game seed: 13959284485751584186

819 Dittersdorf the Covered (level 7, -1/45 HPs)
             Began as a Gargoyle Fighter on Feb 21, 2024.
             Was an Initiate of Gozag.
             Slain by an orc priest
             ... wielding a +0 hand axe
              (4 damage)
             ... on level 5 of the Dungeon.
             The game lasted 00:04:00 (4271 turns).

Dittersdorf the Covered (Gargoyle Fighter)          Turns: 4271, Time: 00:04:00

Health: -1/45      AC: 15    Str: 21    XL:     7   Next: 95%
Magic:  7/7        EV:  9    Int: 12    God:    Gozag
Gold:   104        SH:  5    Dex:  9    Spells: 6/6 levels left

rFire   . . .        a - +0 flail
rCold   . . .        c - +0 buckler
rNeg    + . .        b - +0 scale mail
rPois   ∞            u - +1 helmet {Int+3}
rElec   +            (no cloak)
rCorr   .            p - +0 pair of gloves
SInv    .            (no boots)
Will    .....        (no amulet) Stlth
                     (no ring)
HPRegen 0.27/turn    (no ring)
MPRegen 0.10/turn

%: no passive effects
@: gold aura
A: sickness immunity, AC +4, negative energy resistance 1, electricity
resistance, torment resistance 1, petrification resistance
a: Renounce Religion, Potion Petition, Call Merchant, Bribe Branch


You were on level 5 of the Dungeon.
You worshipped Gozag.
Gozag was aware of your devotion.
You visited 2 branches of the dungeon, and saw 6 of its levels.

You collected 275 gold pieces.
You spent 119 gold pieces at shops.
You paid 52 gold pieces to Gozag.

Inventory:

Hand Weapons
 a - a +0 flail (weapon)
Missiles
 w - 4 curare-tipped darts (quivered)
Armour
 b - a +0 scale mail (worn)
 c - a +0 buckler (worn)
 p - a +0 pair of gloves (worn)
 u - a +1 helmet of intelligence (worn)
Wands
 q - a wand of flame (60)
Scrolls
 f - 5 scrolls of identify {unknown}
 g - a scroll of vulnerability {unknown}
 j - 2 scrolls of teleportation {unknown}
 k - a scroll of silence {unknown}
 l - a scroll of revelation {unknown}
 m - 2 scrolls of fear {unknown}
 o - 3 scrolls of immolation {unknown}
 r - 2 scrolls of torment {unknown}
 t - a scroll of enchant armour
Potions
 d - a potion of might
 e - 2 potions of enlightenment {unknown}
 h - 2 potions of attraction {unknown}
 i - a potion of lignification {unknown}
 n - a potion of curing {unknown}
 s - 2 potions of brilliance {unknown}
 v - a potion of degeneration {unknown}
 x - a potion of heal wounds {unknown}


   Skills:
 + Level 5.7 Fighting
 + Level 4.6 Maces & Flails
 + Level 5.8 Armour
 + Level 5.7 Shields


You had 6 spell levels left.
You didn't know any spells.
Your spell library contained the following spells:

 Spells                   Type           Power      Damage    Failure   Level
 Jinxbite                 Hex            0%         N/A       83%         2
 Lesser Beckoning         Tloc           0%         N/A       83%         2
 Gell's Gravitas          Tloc           0%         N/A       97%         3
 Teleport Other           Tloc           0%         N/A       97%         3
 Tukima's Dance           Hex            0%         N/A       97%         3
 Passage of Golubria      Tloc           0%         N/A       100%        4
 Yara's Violent Unravell  Hex/Alch       0%         3d3       100%        5
 Enfeeble                 Hex            0%         N/A       100%        7


Dungeon Overview and Level Annotations

Branches:
Dungeon (5/15)             Temple (1/1) D:4

Altars:
Ashenzari
Cheibriados
Dithmenos
Elyvilon
Fedhas
Gozag
Hepliaklqana
Kikubaaqudgha
Makhleb
Nemelex Xobeh
Okawaru
Qazlal
Ru
Sif Muna
Trog
Uskayaw
Vehumet
Wu Jian
Xom
Yredelemnul
Zin
The Shining One

Shops:
D:4 *

Annotations:
D:5 1 runed translucent door, Crazy Yiuf


Innate Abilities, Weirdness & Mutations

You are immune to sickness and miasma.
Your stone body is resilient. (AC +4)
You are immune to poison.
You resist negative energy. (rN+)
You are resistant to electric shocks. (rElec)
You are resistant to unholy torment.
You are immune to petrification.


Message History

You hit something but do no damage. Something hits you but does no damage.
The orc barely misses you.
You barely miss something.
You hear some strange, mumbled words.
A puff of flame appears from out of thin air!
The puff of flame hits you! The orc hits you but does no damage.
Something hits you. The orc hits you but does no damage.
You closely miss something. Something hits you. You block the orc's attack.
The orc priest casts a cantrip, but nothing happens.
You miss something. Something hits you but does no damage.
The orc hits you but does no damage.
You sock something! Something hits you but does no damage.
The orc hits you but does no damage.
You sock something!
Reactivating autopickup.
You feel a bit more experienced. The orc barely misses you.
The orc hits you but does no damage.
The orc priest invokes the aid of Beogh against you.
Beogh smites you!
Things that are here:
9 gold pieces; a +0 dagger; a +0 robe You sock the orc!
You kill the orc!
The orc priest is distracted by your dazzling golden aura.
Things that are here:
5 gold pieces; a +0 trident; a +0 scale mail You closely miss the orc priest.
The orc priest is no longer distracted by gold.
The orc priest shouts!
The orc priest hits you but does no damage.
You hit the orc priest.
The orc priest is lightly wounded.
The orc priest invokes the aid of Beogh against you.
Beogh smites you!
* * * LOW HITPOINT WARNING * * *
You hit the orc priest.
The orc priest is moderately wounded.
The orc priest hits you with a +0 hand axe.
You die...
Your body crumbles into a pile of gold.

## #.##.###
#.# #.# .#
#.##.# #.#
#.# .#
#.##.# #.#
#.#
.######.##.#
#.# ###.#
...........#
#.# #...#
.###########
#.# #.### .#
#.# #.# .#
#$# #.# .#
#@# #.# ##
#o# #.# ..#
#.# #### #.#
#.# #.# #.#
#.# #.#


You could see an orc priest.

Vanquished Creatures
  A black bear (D:4)
  2 phantoms
  2 scorpions (D:5)
  A jelly (D:5)
  Ijyb (D:5)
  5 iguanas (D:5)
  An orc wizard (D:5)
  Robin (D:3)
  3 adders
  A shadow imp (D:5)
  A white imp (D:5)
  A dart slug (D:1)
  2 ribbon worms
  10 orcs
  5 endoplasms
  2 giant cockroaches
  11 goblins
  15 hobgoblins
  13 jackals
  11 kobolds
  6 quokkas
  2 ball pythons (D:1)
  9 bats
  3 frilled lizards
  8 rats
117 creatures vanquished.

Notes
Turn   | Place    | Note
-------+----------+-------------------------------------------
     0 | D:1      | Dittersdorf the Gargoyle Fighter began the quest for the
                  | Orb.
     0 | D:1      | Reached XP level 1. HP: 14/14 MP: 1/1
    57 | D:1      | Reached XP level 2. HP: 15/19 MP: 2/2
    75 | D:1      | Found a faded altar of an unknown god.
   299 | D:1      | Reached XP level 3. HP: 21/23 MP: 3/3
   699 | D:2      | Reached XP level 4. HP: 26/29 MP: 4/4
  1579 | D:3      | Noticed a phantom
  1596 | D:3      | Killed a phantom
  1597 | D:3      | Reached XP level 5. HP: 22/34 MP: 5/5
  1953 | D:3      | Noticed Robin
  1967 | D:3      | Killed Robin
  1969 | D:3      | Reached XP level 6. HP: 23/39 MP: 6/6
  2393 | D:4      | Found Heesch's CLEARANCE SALE!.
  2427 | D:4      | Bought a scroll of enchant armour for 37 gold pieces
  2427 | D:4      | Bought a +1 helmet of intelligence for 82 gold pieces
  2622 | D:4      | Noticed a black bear
  2630 | D:4      | Killed a black bear
  2631 | D:4      | Reached skill level 5 in Fighting
  2631 | D:4      | Reached skill level 5 in Armour
  2631 | D:4      | Reached skill level 5 in Shields
  2655 | D:4      | Reached XP level 7. HP: 44/44 MP: 7/7
  2760 | D:4      | Found a staircase to the Ecumenical Temple.
  2780 | Temple   | Entered the Ecumenical Temple
  2966 | D:4      | Found a snail-covered altar of Cheibriados.
  3131 | D:5      | Entered Level 5 of the Dungeon
  3362 | Temple   | Became a worshipper of Gozag Ym Sagoz the Greedy
  3517 | D:5      | Noticed Ijyb
  3554 | D:5      | Killed Ijyb
  3847 | D:5      | Found a runed translucent door.
  3848 | D:5      | Noticed Crazy Yiuf
  4271 | D:5      | Slain by an orc priest

Illustrated notes

Levels and vault maps discovered:
D:1:      minmay_arrival_cross, layout_basic, basic_ecumenical_altar
D:2:      layout_basic
D:3:      layout_basic, uniq_robin
D:4:      layout_loops_ring, slow_altar_2, minmay_temple_entry_ruins,
          nicolae_shop_clearance
D:5:      layout_loops_ring, grunt_ministairs_2, uniq_ijyb,
          uniq_crazy_yiuf_cottage
Temple:   kilobyte_greek_temple

Skill      XL: |  1  2  3  4  5  6  7 |
---------------+----------------------+-----
Armour         | 4 5 |  5.8
Fighting       | 4 5 |  5.7
Shields        | 4 5 |  5.7
Maces & Flails | 3 4 |  4.6

Action                     |  1- 3 |  4- 6 |  7- 9 || total
---------------------------+-------+-------+-------++-------
  Melee: Flail             |    86 |   229 |   150 ||   465
  Throw: Dart              |       |       |     4 ||     4
 Armour: Scale mail        |    65 |   196 |   120 ||   381
  Dodge: Dodged            |    41 |   117 |    50 ||   208
  Block: Buckler           |    21 |    81 |    25 ||   127

Table legend: (Time is in decaauts)
 A = Elapsed time spent in this place.
 B = Non-inter-level travel time spent in this place.
 C = Inter-level travel time spent in this place.
 D = Time resting spent in this place.
 E = Time spent auto-exploring this place.
 F = Levels seen in this place.
 G = Mean time per level.
                   A        B        C        D        E       F      G
               +--------+--------+--------+--------+--------+-----+--------+
         Total |   4392 |   4036 |    356 |    100 |   2945 |   6 |  732.0 |
       Dungeon |   4238 |   4034 |    204 |    100 |   2945 |   5 |  847.6 |
        Temple |    154 |      2 |    152 |      0 |      0 |   1 |  154.0 |
               +--------+--------+--------+--------+--------+-----+--------+

Top non-repeatable levels by time:
     D:5: 992 daAuts
     D:2: 907 daAuts
     D:4: 889 daAuts
     D:3: 776 daAuts
     D:1: 672 daAuts
  Temple: 154 daAuts
